 Dungeon Crawl Stone Soup version 0.29.1-13-g9f3cf754e1 (webtiles) character file.

Game seed: 3130516197111103150

21188 SilverX5502 the Protected (level 12, -1/118 HPs)
             Began as a Minotaur Berserker on Feb 8, 2023.
             Was a High Priest of Trog.
             Succumbed to a spriggan rider's poison
             ... on level 5 of the Lair of Beasts on Feb 10, 2023.
             The game lasted 01:05:34 (14183 turns).

SilverX5502 the Protected (Minotaur Berserker)     Turns: 14183, Time: 01:05:35

Health: -1/118     AC: 22    Str: 27    XL:     12   Next: 52%
Magic:  1/11       EV: 15    Int: 10    God:    Trog [*****.]
Gold:   543        SH:  0    Dex: 12    Spells: 11/11 levels left

rFire   . . .      SeeInvis .   Y - +5 great mace (flame)
rCold   + . .      Faith    .   (shield currently unavailable)
rNeg    . . .      Spirit   +   P - +5 ring mail of Noyte {rC+ rCorr Dex+2}
rPois   .          Reflect  .   (helmet restricted)
rElec   .          Harm     .   s - +0 cloak
rCorr   +          Rampage  .   y - +0 pair of gloves
Will    .....                   Q - +0 pair of boots
Stlth   +.........              x - amulet of guardian spirit
HPRegen 0.29/turn               t - +6 ring of intelligence
MPRegen 0.12/turn               u - +4 ring of protection

@: lethally poisoned (-1 -> -18), slowed, very slow
A: horns 2, retaliatory headbutt
a: Renounce Religion, Berserk, Trog's Hand, Brothers in Arms


You were on level 5 of the Lair of Beasts.
You worshipped Trog.
Trog was extremely pleased with you.
You visited 3 branches of the dungeon, and saw 16 of its levels.

You collected 664 gold pieces.
You spent 121 gold pieces at shops.

Inventory:

Hand Weapons
 n - a +0 whip
 B - a +5 mace
 Y - a +5 great mace of flaming (weapon)
Armour
 s - a +0 cloak (worn)
 y - a +0 pair of gloves (worn)
 z - a +1 plate armour
 P - the +5 ring mail of Noyte (worn) {rC+ rCorr Dex+2}
   (You found it on level 8 of the Dungeon)

   Dex:       It affects your dexterity (+2).
   rC:        It protects you from cold.
   rCorr:     It protects you from acid and corrosion.
 Q - a +0 pair of boots (worn)
 T - a scarf of harm
Jewellery
 e - a ring of positive energy
 m - a ring of poison resistance
 o - a ring of protection from cold
 t - a +6 ring of intelligence (left hand)
 u - a +4 ring of protection (right hand)
 x - an amulet of guardian spirit (around neck)
 I - a ring of resist corrosion
 K - a +4 ring of protection
Wands
 r - a wand of mindburst (14)
 E - a wand of polymorph (11)
 F - a wand of flame (22)
 R - a wand of roots (1)
 V - a wand of light (5)
 Z - a wand of paralysis (5)
Scrolls
 b - 2 scrolls of teleportation
 g - a scroll of enchant armour
 h - 2 scrolls of noise
 j - 5 scrolls of poison
 p - 2 scrolls of immolation
 v - a scroll of vulnerability
 w - 2 scrolls of torment
 C - 2 scrolls of magic mapping
 D - a scroll of summoning {unknown}
 G - a scroll of butterflies {unknown}
 J - a scroll of brand weapon {unknown}
 M - 2 scrolls of amnesia
 N - a scroll of silence {unknown}
 S - 2 scrolls of identify
 U - 4 scrolls of fear {unknown}
Potions
 a - 2 potions of might
 c - 4 potions of curing
 d - 3 potions of heal wounds
 f - 4 potions of brilliance
 i - 3 potions of attraction
 k - 2 potions of invisibility {unknown}
 l - 2 potions of berserk rage
 q - 2 potions of lignification
 A - 2 potions of resistance {unknown}
 H - 5 potions of flight
 L - 3 potions of haste
 O - 2 potions of magic {unknown}
 W - 3 potions of mutation {unknown}
 X - 2 potions of cancellation {unknown}


   Skills:
 + Level 14.4 Fighting
 - Level 12.0 Maces & Flails
 + Level 14.4 Armour
 + Level 9.7 Dodging


You had 11 spell levels left.
You didn't know any spells.
Your spell library contained the following spells:

 Spells                   Type           Power      Damage    Failure   Level
 Call Canine Familiar     Summ           0%         N/A       83%         3
 Portal Projectile        Hex/Tloc       0%         N/A       83%         3
 Summon Guardian Golem    Hex/Summ       0%         N/A       83%         3
 Leda's Liquefaction      Hex/Erth       0%         N/A       99%         4
 Passage of Golubria      Tloc           0%         N/A       99%         4
 Silence                  Hex/Air        0%         N/A       100%        5
 Orb of Destruction       Conj           0%         9d5       100%        7
 Spellforged Servitor     Conj/Summ      0%         N/A       100%        7
 Lehudib's Crystal Spear  Conj/Erth      0%         10d2      100%        8


Dungeon Overview and Level Annotations

Branches:
Dungeon (10/15)            Temple (1/1) D:4            Lair (4/5) D:9
  Swamp (0/4) Lair:3        Snake (0/4) Lair:2
  Slime: Lair:4-5       Orc: D:9-12

Altars:
Ashenzari
Cheibriados
Dithmenos
Elyvilon
Fedhas
Gozag
Hepliaklqana
Kikubaaqudgha
Nemelex Xobeh
Okawaru
Qazlal
Ru
Sif Muna
Uskayaw
Vehumet
Wu Jian
Xom
Yredelemnul
Zin

Shops:
D:8 !

Annotations:
Lair:1 1 runed translucent door, exclusion: oklob plant, billybob123456's ghost, journeyman MiFi


Innate Abilities, Weirdness & Mutations

You have a pair of horns on your head.
You reflexively headbutt those who attack you in melee.


Message History

The spriggan rider is heavily wounded.
You feel extremely sick.
The spriggan rider hits you with a +0 spear of venom!!
* * * LOW HITPOINT WARNING * * *
You are lethally poisoned!
The spriggan rider hits you but does no damage.
Okay, then.
You hit the spriggan rider. You burn the spriggan rider.
Your headbutt misses the spriggan rider.
The spriggan rider is heavily wounded.
* * * LOW HITPOINT WARNING * * *
You feel extremely sick.
The spriggan rider hits you but does no damage.
Unknown command.
You drop 6 potions of curing.
* * * LOW HITPOINT WARNING * * *
You feel extremely sick. The spriggan rider closely misses you.
You furiously retaliate!
You headbutt the spriggan rider. The spriggan rider closely misses you.
You furiously retaliate!
You headbutt the spriggan rider!
c - 6 potions of curing
* * * LOW HITPOINT WARNING * * *
You feel extremely sick.
The spriggan rider hits you with a +0 spear of venom.
* * * LOW HITPOINT WARNING * * *
You are more poisoned.
You feel better.
The spriggan rider hits you but does no damage.
You are poisoned.
The spriggan rider hits you with a +0 spear of venom.
* * * LOW HITPOINT WARNING * * *
You are more poisoned.
You feel better.
The spriggan rider hits you with a +0 spear of venom.
* * * LOW HITPOINT WARNING * * *
You are lethally poisoned!
You barely miss the spriggan rider.
Your headbutt misses the spriggan rider.
The spriggan rider is severely wounded.
You die...

#..#....P..##
#..###.##P..#
...# #####..♣
.... ##.## #..
#...♣ ## #...♣
.♣
#.#P.♣♣♣♣♣♣♣..♣♣
###PP.♣♣†......♣
#PP.@i♣♣.......
##...♣♣ ♣♣.♣♣♣.
♣♣♣♣♣ ♣


You could see a spriggan rider.

Vanquished Creatures
  A hydra (Lair:5)
  A two-headed ogre (D:7)
  4 elephants (Lair:5)
  3 black mambas
  Joseph (D:9)
  A torpor snail (Lair:2)
  4 cane toads
  5 komodo dragons (Lair:2)
  2 polar bears (Lair:5)
  3 hornets
  9 blink frogs
  3 wyverns
  35 yaks
  3 basilisks
  2 steam dragons
  A naga (Lair:2)
  7 water moccasins
  A black bear (D:5)
  An ice beast (D:6)
  An orc warrior (D:8)
  2 sky beasts (D:7)
  An ogre (D:6)
  6 wolves (Lair:5)
  4 centaurs
  A phantom (D:7)
  2 kobold brigands
  10 bullfrogs
  5 scorpions
  A necrophage (D:7)
  3 wights (D:7)
  9 killer bees
  5 howler monkeys
  2 electric eels (Lair:2)
  5 crimson imps (D:7)
  4 hounds
  A jelly (D:5)
  3 orc priests
  5 iguanas
  8 orc wizards
  9 gnolls
  7 adders
  4 white imps (D:7)
  2 ufetubi
  A worm (D:5)
  18 orcs
  11 endoplasms
  5 giant cockroaches
  6 goblins
  4 hobgoblins
  3 jackals (D:3)
  3 quokkas
  5 ball pythons
  8 bats
  3 frilled lizards
  20 kobolds
  A rat (D:1)
275 creatures vanquished.

Vanquished Creatures (collateral kills)
  A two-headed ogre (D:9)
1 creature vanquished.

Vanquished Creatures (others)
  An orc wizard (D:3)
  20 fungi
  25 plants
46 creatures vanquished.

Grand Total: 322 creatures vanquished

Notes
Turn   | Place    | Note
-------+----------+-------------------------------------------
     0 | D:1      | SilverX5502 the Minotaur Berserker began the quest for the
                  | Orb.
     0 | D:1      | Reached XP level 1. HP: 19/19 MP: 0/0
   231 | D:1      | Found a faded altar of an unknown god.
   454 | D:2      | Reached XP level 2. HP: 27/27 MP: 1/1
   575 | D:2      | Found a basalt altar of Yredelemnul.
   909 | D:1      | Reached XP level 3. HP: 33/33 MP: 2/2
  1417 | D:2      | Reached ** piety under Trog
  2168 | D:3      | Reached skill level 5 in Maces & Flails
  2212 | D:3      | Reached XP level 4. HP: 32/40 MP: 3/3
  2402 | D:4      | Reached XP level 5. HP: 41/47 MP: 4/4
  2829 | D:4      | Reached XP level 6. HP: 53/53 MP: 5/5
  3080 | D:3      | Found a sparkling altar of Nemelex Xobeh.
  3603 | D:5      | Entered Level 5 of the Dungeon
  3689 | D:4      | Found a staircase to the Ecumenical Temple.
  3699 | Temple   | Entered the Ecumenical Temple
  4052 | D:5      | Noticed a water moccasin
  4059 | D:5      | Killed a water moccasin
  4060 | D:5      | Reached skill level 5 in Fighting
  4060 | D:5      | Reached XP level 7. HP: 61/61 MP: 6/6
  4259 | D:5      | Reached *** piety under Trog
  4980 | D:6      | Reached skill level 5 in Armour
  4980 | D:6      | Reached XP level 8. HP: 69/69 MP: 7/7
  5000 | D:6      | You fall into a shaft and drop 3 floors!
  5016 | D:8      | Noticed a two-headed ogre
  5019 | D:8      | Found Seadacabb's Distillery.
  5068 | D:7      | Reached skill level 10 in Maces & Flails
  5633 | D:6      | Found a radiant altar of Vehumet.
  6064 | D:7      | Reached XP level 9. HP: 78/78 MP: 8/8
  6094 | D:7      | Reached **** piety under Trog
  7494 | D:7      | Killed a two-headed ogre
  7495 | D:7      | Reached XP level 10. HP: 11/90 MP: 3/9
  7863 | D:7      | Reached skill level 10 in Armour
  8209 | D:8      | Found a broken altar of Ashenzari.
  8259 | D:8      | Identified the +5 ring mail of Noyte {rC+ rCorr Dex+2}
  8285 | D:8      | Found a blossoming altar of Fedhas.
  9069 | D:9      | Noticed Joseph
  9098 | D:9      | Killed Joseph
  9133 | D:9      | Reached ***** piety under Trog
  9427 | D:9      | Found a staircase to the Lair.
  9454 | D:9      | Reached skill level 5 in Dodging
  9528 | D:8      | Bought 2 potions of curing for 66 gold pieces
  9528 | D:8      | Bought a potion of heal wounds for 55 gold pieces
  9598 | D:9      | Noticed a two-headed ogre
  9607 | D:9      | Killed a two-headed ogre
  9608 | D:9      | Reached skill level 10 in Fighting
  9611 | D:9      | Found a hide-covered altar of Uskayaw.
  9618 | D:9      | Noticed a +0 hand axe
  9620 | D:9      | Noticed a +0 hand axe
  9976 | D:10     | Entered Level 10 of the Dungeon
 10015 | Lair:1   | Entered Level 1 of the Lair of Beasts
 10051 | Lair:1   | Noticed a cane toad
 10058 | Lair:1   | Killed a cane toad
 10161 | Lair:1   | Found a runed translucent door.
 10164 | Lair:1   | Noticed billybob123456's ghost (journeyman MiFi)
 10164 | Lair:1   | Noticed a spriggan rider
 10164 | Lair:1   | Identified the +6 spear of Cowardice {vorpal, Dex+4}
 10179 | Lair:1   | Found a hide-covered altar of Uskayaw.
 10180 | Lair:1   | Noticed an oklob plant
 10204 | Lair:1   | Reached XP level 11. HP: 90/100 MP: 6/10
 12271 | Lair:2   | Found a staircase to the Snake Pit.
 12872 | Lair:2   | Received a gift from Trog
 13426 | Lair:3   | Reached XP level 12. HP: 91/113 MP: 11/11
 13674 | Lair:3   | Found a staircase to the Swamp.
 13688 | Lair:4   | Noticed a seven-headed hydra
 13792 | Lair:3   | You fall into a shaft and drop 2 floors!
 13792 | Lair:5   | Entered Level 5 of the Lair of Beasts
 13799 | Lair:5   | Noticed an eight-headed hydra
 13818 | Lair:5   | Killed an eight-headed hydra
 14180 | Lair:5   | HP: 3/118 [poisoned by a spriggan rider]
 14183 | Lair:5   | Succumbed to a spriggan rider's poison

Illustrated notes

Levels and vault maps discovered:
D:1:      wander_arrival_estate, layout_loops_ring,
          shapermc_ecumenical_altar_mp_highgroup, corner_web_ring, st_stairs_9,
          minmay_distorted
D:2:      layout_basic, basic_altar
D:3:      layout_loops_cross, amcnicky_altar_gilded
D:4:      nicolae_cairo_tiling, layout_basic, trog_book, temple_hall
D:5:      minmay_spotlight, layout_loops_ring
D:6:      layout_cave_pools, mainiacjoe_overflow_small_starburst
D:7:      layout_basic, minmay_nine_imps
D:8:      layout_basic, fedhas_altar_4, cheibrodos_ashenzari_chains,
          serial_shops, nicolae_stop_n_shop_1
D:9:      layout_big_octagon, dancing_weapons_uskayaw, lair_entry_dummy,
          uniq_joseph
D:10:     layout_cave_pools, lightli_temple_of_fire,
          nicolae_tso_carved_into_rock, orc_0_dummy, kennysheep_donut,
          uniq_sonja, uniq_harold
Temple:   eino_narrow_crystal_temple
Lair:1:   layout_roguey, ebering_ghost_funeral_grove, st_stairs_3,
          serial_bayou_ford_a, minmay_stone_trees_small,
          nicolae_lair_grove_arrangements, dreamdust_deal_with_the_devil,
          lemuel_oklob_altar, infiniplex_staircase_pool_2
Lair:2:   layout_regular_city, guppyfry_snake_entry_island, beast_lair_carwin_8,
          serial_bayou_shore_a, grunt_megastairs_3
Lair:3:   layout_regular_city, swamp_mist
Lair:4:   layout_cave_pods, slime_entry_1, chequers_serial_rivers_micro_c,
          nicolae_lair_run_with_the_wolves, serial_bayou_shore_b,
          grunt_megastairs_1
Lair:5:   minmay_lair_end_enchanted_forest, layout_misc_corridors,
          minmay_hedge_maze, infiniplex_staircase_pool, uniq_urug

Skill      XL: |  1  2  3  4  5  6  7  8  9 10 11 12 |
---------------+-------------------------------------+-----
Maces & Flails | 4 5 6 8 9 11 12 | 12.0
Fighting       | 4 5 6 8 10 12 14 | 14.4
Dodging        | 3 4 5 8 9 |  9.7
Armour         | 3 5 6 9 12 13 14 | 14.4

Action                   |  1- 3 |  4- 6 |  7- 9 | 10-12 || total
-------------------------+-------+-------+-------+-------++-------
Melee: Mace              |    93 |   124 |   245 |   373 ||   835
       Headbutt          |     8 |    16 |    45 |   113 ||   182
       Punch             |     1 |       |     2 |     8 ||    11
       Unarmed           |       |       |     1 |       ||     1
       Great mace        |       |       |       |    88 ||    88
Invok: Berserk           |       |       |     2 |     3 ||     5
       Trog's Hand       |       |       |     1 |       ||     1
       Brothers in Arms  |       |       |       |     1 ||     1
  Use: Scroll            |       |     3 |     2 |    11 ||    16
       Potion            |       |       |     1 |     2 ||     3
Armor: Animal skin       |    23 |       |       |       ||    23
       Leather armour    |     5 |     9 |       |       ||    14
       Ring mail         |       |    34 |       |   211 ||   245
       Plate armour      |       |    13 |   221 |    31 ||   265
Dodge: Dodged            |    75 |    62 |   114 |   285 ||   536
